 Dungeon Crawl Stone Soup version 0.29-a0-275-g389c0b56f3 (webtiles) character file.

Game seed: 17370653804117575582

69 rabbitsville the Sneak (level 4, 0/22 HPs)
             Began as a Spriggan Brigand on Mar 10, 2022.
             Killed from afar by Natasha (5 damage)
             ... with a magic dart
             ... on level 3 of the Dungeon.
             The game lasted 00:13:44 (2707 turns).

rabbitsville the Sneak (Spriggan Brigand)           Turns: 2707, Time: 00:13:44

Health: 0/22       AC:  2    Str:  7    XL:     4   Next: 2%
Magic:  5/5        EV: 16    Int: 12    God:
Gold:   145        SH:  0    Dex: 18    Spells: 3/3 levels left

rFire   + . .      SeeInvis +   a - +2 dagger
rCold   . . .      Faith    .   (no shield)
rNeg    . . .      Spirit   .   i - +0 robe
rPois   .          Reflect  .   (helmet restricted)
rElec   .          Harm     .   q - scarf {repulsion}
rCorr   .          Rampage  .   (gloves unavailable)
Will    .....                   (boots unavailable)
Stlth   ++++......              (no amulet)
HPRegen 0.07/turn               o - ring of protection from fire
MPRegen 0.09/turn               (no ring)

@: repel missiles, very quick
A: very small, no large weapons, unfitting armour, see invisible, speed 3
a: no special abilities


You were on level 3 of the Dungeon.
You visited 1 branch of the dungeon, and saw 3 of its levels.

You collected 145 gold pieces.

Inventory:

Hand Weapons
 a - a +2 dagger (weapon)
 b - a +0 hunting sling
Missiles
 e - 2 curare-tipped darts (quivered)
 l - 7 stones
Armour
 c - a +0 cloak
 i - a +0 robe (worn)
 q - a scarf of repulsion (worn)
Jewellery
 o - a ring of protection from fire (left hand)
Scrolls
 f - a scroll of fog {unknown}
 g - 3 scrolls of teleportation {unknown}
 k - 2 scrolls of magic mapping {unknown}
 n - a scroll of identify {unknown}
Potions
 h - 3 potions of attraction {unknown}
 j - a potion of curing
 m - 2 potions of might {unknown}
 p - a potion of cancellation {unknown}


   Skills:
 - Level 1.5 Fighting
 + Level 3.2 Short Blades
 + Level 3.0 Throwing
 - Level 1.3 Dodging
 + Level 6.8 Stealth


You had 3 spell levels left.
You didn't know any spells.
Your spell library contained the following spells:

 Spells                   Type           Power      Damage    Failure   Level
 Sandblast                Erth           0%         2d4       32%         1
 Passwall                 Tmut/Erth      0%         N/A       45%         2
 Static Discharge         Conj/Air       0%         N/A       45%         2
 Conjure Flame            Conj/Fire      0%         6-21      69%         3
 Ignite Poison            Fire/Tmut/Pois 0%         N/A       69%         3
 Stone Arrow              Conj/Erth      0%         3d7       69%         3
 Dispel Undead            Necr           0%         3d6       97%         4
 Sticky Flame             Conj/Fire      0%         2d3       97%         4


Dungeon Overview and Level Annotations

Branches:
Dungeon (3/15)

Altars:

Annotations:
D:3 Natasha


Innate Abilities, Weirdness & Mutations

You are very small and have problems with some larger weapons.
You are too small for most types of armour.
You have supernaturally acute eyesight. (SInv)
You cover ground extremely quickly. (Speed+++)


Message History

The bat closely misses you. The bat closely misses you.
You hit the bat.
You kill the bat!
You now have 137 gold pieces (gained 15).
You now have 145 gold pieces (gained 8).
Found an inky potion.
h - 3 inky potions (gained 1) Natasha, Servant of Life and Death comes into view.
Natasha hisses angrily.
Throw: 2 darts (poison)
Press: ? - help, Q - select action, (/) - cycle Shift-Dir - straight line, f - Natasha
Aim: Natasha (55% to hit)
You throw a poisoned dart. The poisoned dart hits Natasha.
Natasha is poisoned.
Throw: dart (poison)
Press: ? - help, Q - select action, (/) - cycle Shift-Dir - straight line, f/p - Natasha
Aim: Natasha (poisoned, 55% to hit)
You throw a poisoned dart. The poisoned dart hits Natasha.
Natasha looks even sicker.
Natasha closely misses you.
You closely miss Natasha. Natasha barely misses you.
You hit Natasha but do no damage.
Natasha is moderately wounded.
Natasha claws you!
You barely miss Natasha.
Natasha is moderately wounded.
You hit Natasha.
Natasha is heavily wounded.
Natasha claws you!
* * * LOW HITPOINT WARNING * * *
Throw: 3 darts (curare)
Press: ? - help, Q - select action, (/) - cycle Shift-Dir - straight line, f/p - Natasha
Aim: Natasha (heavily wounded, poisoned, 55% to hit)
You throw a curare-tipped dart.
The curare-tipped dart closely misses Natasha.
Natasha barely misses you.
Natasha mumbles some strange words.
Natasha stares at you and mumbles some strange words.
The magic dart hits you.
You die...

### #(. #(# #.#
#.# #.#
######h#
#.@...5#
#.###### #.#
###.####
#......#
#.#..#.#
#.#....###.
#........'.
####.#....###..


You could see an iron imp (summoned) and Natasha (poisoned).

Vanquished Creatures
  Natasha (D:3)
  An adder (D:2)
  A dart slug (D:2)
  An orc (D:3)
  2 endoplasms (D:1)
  2 goblins (D:1)
  3 hobgoblins
  4 jackals (D:1)
  4 kobolds
  A quokka (D:1)
  2 ball pythons (D:1)
  4 bats
  2 frilled lizards (D:3)
  4 rats
32 creatures vanquished.

Notes
Turn   | Place    | Note
-------+----------+-------------------------------------------
     0 | D:1      | rabbitsville the Spriggan Brigand began the quest for the
                  | Orb.
     0 | D:1      | Reached XP level 1. HP: 10/10 MP: 2/2
   284 | D:1      | Reached skill level 6 in Stealth
   560 | D:1      | Reached XP level 2. HP: 14/14 MP: 3/3
  1318 | D:2      | Reached XP level 3. HP: 1/18 MP: 4/4
  2379 | D:3      | Noticed Natasha
  2382 | D:3      | Killed Natasha
  2641 | D:3      | Reached XP level 4. HP: 22/22 MP: 5/5
  2693 | D:3      | Noticed Natasha
  2707 | D:3      | Killed from afar by Natasha

Illustrated notes

Levels and vault maps discovered:
D:1:      co_arrival_random_square_maze, layout_loops_cross,
          minmay_misc_feat_doors
D:2:      layout_basic
D:3:      layout_loops_corners, ebering_ghost_inner_flame, serial_shops, shop,
          uniq_natasha

Skill      XL: |  1  2  3 |
---------------+----------+-----
Stealth        | 6 |  6.8
Short Blades   | 3 |  3.2
Throwing       | 3 |  3.0
Fighting       | |  1.5
Dodging        | |  1.3

Action                   |  1- 3 |  4- 6 || total
-------------------------+-------+-------++-------
Melee: Dagger            |    68 |     8 ||    76
       Punch             |     1 |       ||     1
 Fire: Hunting sling     |     6 |       ||     6
Throw: Dart              |    29 |     3 ||    32
 Stab: Sleeping          |     8 |       ||     8
Armor: Robe              |    15 |     1 ||    16
Dodge: Dodged            |    46 |     8 ||    54

Table legend: (Time is in decaauts)
 A = Elapsed time spent in this place.
 B = Non-inter-level travel time spent in this place.
 C = Inter-level travel time spent in this place.
 D = Time resting spent in this place.
 E = Time spent auto-exploring this place.
 F = Levels seen in this place.
 G = Mean time per level.
                   A        B        C        D        E       F      G
               +--------+--------+--------+--------+--------+-----+--------+
         Total |   2014 |   1960 |     54 |    793 |    405 |   3 |  671.3 |
       Dungeon |   2014 |   1960 |     54 |    793 |    405 |   3 |  671.3 |
               +--------+--------+--------+--------+--------+-----+--------+

Top non-repeatable levels by time:
     D:2: 932 daAuts
     D:1: 872 daAuts
     D:3: 210 daAuts
